 Dungeon Crawl Stone Soup version 0.29.0-13-gc9e81de378 (webtiles) character file.

Game seed: 2939171196389729014

5 xian the Sneak (level 1, -4/14 HPs)
             Began as a Kobold Delver on Sept 9, 2022.
             Frozen to death by an endoplasm (5 damage)
             ... on level 2 of the Dungeon.
             The game lasted 00:02:38 (1090 turns).

xian the Sneak (Kobold Delver)                      Turns: 1090, Time: 00:02:40

Health: -4/14      AC:  3    Str:  9    XL:     1   Next: 88%
Magic:  1/1        EV: 14    Int: 11    God:
Gold:   54         SH:  0    Dex: 16    Spells: 0/0 levels left

rFire   . . .      SeeInvis .   e - +0 dagger
rCold   . . .      Faith    .   (no shield)
rNeg    . . .      Spirit   .   b - +0 leather armour
rPois   .          Reflect  .   (no helmet)
rElec   .          Harm     .   (no cloak)
rCorr   .          Rampage  .   (no gloves)
Will    .....                   (no boots)
Stlth   ++++......              (no amulet)
HPRegen 0.04/turn               (no ring)
MPRegen 0.07/turn               (no ring)

@: no status effects
A: small, no large weapons, nightstalker 3
a: no special abilities


You were on level 2 of the Dungeon.
You visited 1 branch of the dungeon, and saw 4 of its levels.

You collected 54 gold pieces.

Inventory:

Hand Weapons
 a - a +0 hand axe
 e - a +0 dagger (weapon)
Missiles
 i - 6 poisoned darts (quivered)
Armour
 b - a +0 leather armour (worn)
Wands
 g - a wand of digging (3)
Scrolls
 c - a scroll of fog
 d - a scroll of magic mapping
 h - a scroll of enchant weapon {unknown}
 j - 2 scrolls of identify {unknown}
 k - a scroll of amnesia {unknown}


   Skills:
 + Level 3.3 Fighting
 + Level 1.5 Axes
 * Level 0.3 Throwing
 + Level 0.4 Armour
 + Level 2.4 Dodging
 + Level 6.7 Stealth


You couldn't memorise any spells.
You didn't know any spells.
Your spell library contained the following spells:

 Spells                   Type           Power      Damage    Failure   Level
 Blink                    Tloc           0%         N/A       58%         2
 Lesser Beckoning         Tloc           0%         N/A       82%         3
 Manifold Assault         Tloc           0%         N/A       100%        5


Dungeon Overview and Level Annotations

Branches:
Dungeon (5/15)
 Temple: D:4-7

Altars:
The Shining One

Annotations:
D:3 Natasha


Innate Abilities, Weirdness & Mutations

You are small and have problems with some larger weapons.
You are completely attuned to the shadows.


Message History

You closely miss the hobgoblin. The hobgoblin closely misses you.
You barely miss the hobgoblin. The hobgoblin misses you.
You hit the hobgoblin but do no damage. The hobgoblin barely misses you.
You aren't carrying any potions.
You aren't carrying any potions.
As you read the scroll labelled FEXAOSO MASK, it crumbles to dust.
You hear the tinkle of a tiny bell.
It was a scroll of butterflies.
The hobgoblin closely misses you.
You swap places.
The hobgoblin misses your butterfly.
You swap places.
The hobgoblin hits your butterfly.
Your butterfly dies!
Your butterfly disappears in a burst of colours!
You swap places.
The hobgoblin closely misses your butterfly.
You swap places.
Something hits your butterfly.
Your butterfly dies!
Your butterfly disappears in a burst of colours!
You see here a rat corpse.
The hobgoblin hits your butterfly.
Your butterfly dies!
Your butterfly disappears in a burst of colours!
An endoplasm comes into view.
Found a book of Callings.
The endoplasm quivers.
The endoplasm hits you.
* * * LOW HITPOINT WARNING * * *
You barely miss the endoplasm.
The endoplasm hits you but does no damage.
You hit the endoplasm but do no damage. The endoplasm misses you.
You hit the endoplasm.
The endoplasm is moderately wounded.
The hobgoblin completely misses you. The endoplasm hits you.
* * * LOW HITPOINT WARNING * * *
You hit the endoplasm.
The endoplasm is heavily wounded.
The hobgoblin hits you.
* * * LOW HITPOINT WARNING * * *
The endoplasm freezes you.
You are frozen.
You die...

######## #...g...
#.###### #.# #g# #.#
#.############.##
#..J@g.........>#####
.....########.#......
#.##.# #...##### #
#.# ##### #:#


You could see an endoplasm and a hobgoblin.

Vanquished Creatures
  A goblin (D:4)
  A jackal (D:2)
  A bat (D:3)
  A frilled lizard (D:3)
  A kobold (D:3)
  A rat (D:2)
6 creatures vanquished.

Vanquished Creatures (others)
  13 plants (D:2)
13 creatures vanquished.

Grand Total: 19 creatures vanquished

Notes
Turn   | Place    | Note
-------+----------+-------------------------------------------
     0 | D:5      | xian the Kobold Delver began the quest for the Orb.
     0 | D:5      | Reached XP level 1. HP: 14/14 MP: 1/1
     6 | D:5      | Noticed an iguana
   834 | D:3      | Found a glowing golden altar of the Shining One.
   909 | D:3      | Noticed Natasha
  1090 | D:2      | Frozen to death by an endoplasm

Illustrated notes

Levels and vault maps discovered:
D:2:      cheibrodos_greedy_goblins, layout_loops_ring, dk_noncrumbling_2,
          serial_bayou_lagoon_a, minmay_misc_feat_alley
D:3:      layout_loops_cross, mainiacjoe_overflow_catwalk, minmay_crystal_water,
          minmay_close_crescents, uniq_grinder, uniq_natasha, uniq_ijyb
D:4:      layout_basic, grunt_temple_overflow_open
D:5:      layout_layer_cave

Action                   || total
-------------------------++-------
Melee: Dagger            ||    26
       Hand axe          ||     6
  Use: Scroll            ||     2
       Potion            ||     1
 Stab: Sleeping          ||     4
Armor: Leather armour    ||     5
Dodge: Dodged            ||    35
